AoeStats
← sT_K'cifer!

MegaRandom

510456148Analyzed
2v2 RM · 1d ago on Oct 1, 2026· 34m 49s· 4 players
Game mode
Random Map
Map size
Medium (4 player)
Population
200
Speed
Normal
Resources
Standard
Victory
Conquest
Starting age
Dark Age
Ending age
Imperial Age
RankedLock teamsTeams togetherTeam positionsShared explorationLock speedFull tech treeHidden civsTurbo modeCheats
Victory
Defeat
🇨🇴 Ethiopians · Colombia
1261
+9
🇦🇷 Spanish · Argentina
1175
+13
🇦🇺 Mongols · Australia
1109
-11
🇲🇽 Danes · Mexico
1102
-11
Buaco69
11:36 Feudal Age
12:42 Loom
15:43 Castle Age
13:37 Stone Mining
13:54 Double-Bit Axe
14:28 Horse Collar
26:38 Padded Archer Armor
29:27 Leather Archer Armor
29:25 Forging
29:21 Scale Barding Armor
30:43 Wheelbarrow
33:08 Iron Casting
32:54 Chain Barding Armor
37:29 Imperial Age
sT_K'cifer!
6:27 Loom
9:49 Feudal Age
10:37 Double-Bit Axe
12:04 Horse Collar
18:28 Wheelbarrow
26:11 Castle Age
26:23 Crossbowman
27:31 Fletching
27:42 Padded Archer Armor
29:17 Bodkin Arrow
29:38 Leather Archer Armor
29:19 Gold Mining
29:42 Bow Saw
arsmx
11:21 Feudal Age
15:47 Castle Age
16:55 Elite Skirmisher
27:57 Horse Collar
30:08 Gold Mining
32:03 Double-Bit Axe
Hype-Rat
8:35 Loom
10:38 Feudal Age
16:07 Bloodlines
24:43 Fletching
32:21 Castle Age
Connection lost

Rejoining the realm…

Still unreachable

The connection could not be restored.

Session expired

The server has moved on; the page needs a fresh start.